 Dungeon Crawl Stone Soup version 0.18-b1-16-g289874d (webtiles) character file.

6463 pacci the Cleaver (level 11, -8/150 HPs)
             Began as a Naga Berserker on May 1, 2016.
             Was a High Priest of Trog.
             Mangled by a 15-headed hydra (12 damage)
             ... on level 1 of the Lair of Beasts.
             The game lasted 00:06:06 (9889 turns).

pacci the Cleaver (Naga Berserker)                  Turns: 9889, Time: 00:06:07

Health: -8/150     AC: 11    Str: 28    XL:     11   Next: 0%
Magic:  20/20      EV:  9    Int:  9    God:    Trog [*****.]
Gold:   269        SH:  0    Dex: 12    Spells: 0 memorised, 10 levels left

rFire  . . .     SeeInvis +     Y - +1 war axe
rCold  + . .     Gourm    .     h - +0 ring mail (curse)
rNeg   + + .     Faith    +     (no shield)
rPois  +         Spirit   .     b - +0 helmet of Insatiable Hunger {rPois rN+ MP+9 Stlth-} (curse)
rElec  .         Dismiss  .     c - +0 cloak
rCorr  .         Reflect  .     p - +2 pair of gloves {Str+3}
SustAt .         Harm     .     (no barding)
MR     +....                    j - amulet of faith
Stlth  ..........               n - ring of protection from cold
                                i - ring of positive energy

@: berserking (expiring), quick, somewhat resistant to hostile enchantments,
extremely unstealthy
A: see invisible, deformed body, poison resistance, slowness 2, slow metabolism
1, spit poison 2, AC +3
a: Spit Poison, Berserk, Trog's Hand, Brothers in Arms, Burn Spellbooks,
Renounce Religion


You were on level 1 of the Lair of Beasts.
You worshipped Trog.
Trog was extremely pleased with you.
You were not hungry.

You visited 2 branches of the dungeon, and saw 9 of its levels.

You collected 557 gold pieces.
You spent 288 gold pieces at shops.


Innate Abilities, Weirdness & Mutations

You cannot wear boots.
Your serpentine skin is tough (AC +3).
You have supernaturally acute eyesight.
Armour fits poorly on your strangely shaped body.
Your system is resistant to poisons.
You cover ground very slowly.
You have a slow metabolism.
You can spit poison.


   Skills:
 + Level 7.2 Fighting
 + Level 14.5 Axes
 - Level 1.5 Armour
 - Level 1.5 Dodging


You had 10 spell levels left.
You didn't know any spells.

Inventory:

Hand Weapons
 Y - a +1 war axe (weapon)
Missiles
 m - 2 javelins of penetration
 u - a silver tomahawk
 v - 3 tomahawks (quivered)
Armour
 b - the cursed +0 helmet of Insatiable Hunger (worn) {rPois rN+ MP+9 Stlth-}
   (You took it off Robin on level 4 of the Dungeon)

   It protects you from poison.
   It protects you from negative energy.
   It affects your magic capacity (+9).
   It makes you less stealthy.
   It has a curse placed upon it.
 c - a +0 cloak (worn)
 h - a cursed +0 ring mail (worn)
 k - a +0 chain mail
 p - a +2 pair of gloves of strength (worn)
Jewellery
 i - a ring of positive energy (left hand)
 j - an amulet of faith (around neck)
 n - a ring of protection from cold (right hand)
Wands
 r - a wand of hasting (5/9)
Scrolls
 a - 3 scrolls of teleportation
 q - a scroll of recharging
 t - a scroll of identify
Potions
 d - 2 potions of haste
 f - a potion of degeneration {unknown}
 g - a potion of cure mutation
 l - 2 potions of curing
 o - a potion of berserk rage {unknown}
Comestibles
 e - 5 bread rations
 w - 6 beef jerkies

Dungeon Overview and Level Annotations

Branches:
Dungeon (8/15)             Temple (0/1) D:7            Lair (1/8) D:8

Altars:
Ashenzari
Cheibriados
Fedhas
Gozag
Kikubaaqudgha
Okawaru
Pakellas
Ru
Sif Muna
Trog
Vehumet
Xom
Yredelemnul
The Shining One

Shops:
D:6 *[


Message History

The 13-headed hydra bites you. x2; The 13-headed hydra misses you.
The 13-headed hydra bites you! The 13-headed hydra barely misses you.
The 13-headed hydra bites you but does no damage.
The 13-headed hydra bites you!
The 13-headed hydra bites you but does no damage.
The 13-headed hydra bites you.
You lop one of the 13-headed hydra's heads off!
The 12-headed hydra grows two more!
You slash the 14-headed hydra!
The 14-headed hydra is severely wounded.
You lop one of the 14-headed hydra's heads off!
The 13-headed hydra grows two more!
You slice the 15-headed hydra!!
The 15-headed hydra is almost dead.
The 15-headed hydra bites you. The 15-headed hydra bites you!
The 15-headed hydra completely misses you.
The 15-headed hydra barely misses you. The 15-headed hydra closely misses you.
The 15-headed hydra bites you! The 15-headed hydra bites you.
The 15-headed hydra completely misses you.
The 15-headed hydra bites you but does no damage.
The 15-headed hydra bites you. x2; The 15-headed hydra bites you!
You die...

#...... #.......
#..!...# #......###
###........##
#...........#
............###
.............>##
......D@.......##
................##
...#.............# .
#......#......##
#.......#......#
#.>.((..####...#####
#.......# #P....<.##
##.....##
###......## ....
#.......#


You could see a 15-headed hydra.

Vanquished Creatures
  Pikel (D:4)
  The ghost of Hasye the Ducker, a novice HuBe of Trog (D:6)
  A komodo dragon (D:8)
  A hungry ghost (D:7)
  A hippogriff (Lair:1)
  Edmund (D:4)
  A porcupine (Lair:1)
  A water moccasin (Lair:1)
  4 orc warriors
  A slave (D:4)
  3 sky beasts
  2 ice beasts
  8 ogres
  2 phantoms
  A centaur (D:8)
  Blork the orc (D:5)
  4 giant frogs
  A water moccasin zombie (D:7)
  9 scorpions
  A howler monkey (D:4)
  2 electric eels (D:7)
  2 crimson imps
  A centaur zombie (D:5)
  5 hounds
  A gnoll shaman (D:8)
  An orc priest (D:6)
  A jelly (D:7)
  A giant frog skeleton (D:5)
  6 iguanas
  6 worker ants
  10 orc wizards
  A killer bee zombie (D:7)
  A worker ant zombie (D:6)
  Robin (D:4)
  6 gnolls
  A howler monkey skeleton (D:6)
  8 adders
  2 oozes
  2 adder skeletons
  An adder zombie (D:5)
  6 worms
  3 dart slugs
  4 giant geckos
  19 orcs
  13 bats
  6 giant cockroaches
  17 goblins
  9 hobgoblins
  3 jackals (D:6)
  4 quokkas
  A ball python (D:5)
  A giant gecko skeleton (D:4)
  A giant gecko zombie (D:5)
  8 giant newts
  5 kobolds
  2 quokka skeletons
  A quokka zombie (D:6)
  6 rats
  3 plants (D:8)
216 creatures vanquished.

Vanquished Creatures (collateral kills)
  A hydra (Lair:1)
  A spiny frog (Lair:1)
  A porcupine (Lair:1)
  A giant frog (Lair:1)
4 creatures vanquished.

Vanquished Creatures (others)
  An iguana (D:4)
  2 orcs (D:4)
  2 fungi (D:5)
  A plant (D:8)
6 creatures vanquished.

Grand Total: 226 creatures vanquished

Notes
Turn   | Place    | Note
--------------------------------------------------------------
     0 | D:1      | pacci the Naga Berserker began the quest for the Orb.
     0 | D:1      | Reached XP level 1. HP: 21/21 MP: 1/1
     0 | D:1      | 0 ||| counter = 33
    21 | D:1      | 21 ||| INVOKING Spit Poison.
    28 | D:1      | 28 ||| INVOKING Spit Poison.
    32 | D:1      | 32 ||| INVOKING Spit Poison.
    56 | D:1      | 56 ||| INVOKING Spit Poison.
   215 | D:1      | 215 ||| INVOKING Spit Poison.
   216 | D:1      | 216 ||| INVOKING Spit Poison.
   224 | D:1      | 224 ||| INVOKING Berserk.
   225 | D:1      | Reached XP level 2. HP: 18/28 MP: 2/2
   263 | D:1      | 263 ||| INVOKING Spit Poison.
   264 | D:1      | 264 ||| INVOKING Spit Poison.
   377 | D:1      | 377 ||| INVOKING Spit Poison.
   380 | D:1      | 380 ||| INVOKING Spit Poison.
   401 | D:1      | 401 ||| INVOKING Spit Poison.
   419 | D:1      | 419 ||| INVOKING Spit Poison.
   506 | D:1      | Reached skill level 4 in Axes
   609 | D:1      | 609 ||| INVOKING Spit Poison.
   627 | D:1      | 627 ||| INVOKING Spit Poison.
   642 | D:1      | 642 ||| INVOKING Spit Poison.
   642 | D:1      | Reached XP level 3. HP: 34/34 MP: 3/3
   651 | D:1      | 651 ||| INVOKING Spit Poison.
   652 | D:1      | 652 ||| INVOKING Spit Poison.
   745 | D:1      | 745 ||| INVOKING Spit Poison.
   746 | D:1      | 746 ||| INVOKING Spit Poison.
   747 | D:1      | 747 ||| INVOKING Spit Poison.
   748 | D:1      | 748 ||| INVOKING Spit Poison.
   817 | D:1      | 817 ||| INVOKING Spit Poison.
  1173 | D:1      | 1173 ||| EATING slice of pizza.
  1193 | D:1      | 1193 ||| INVOKING Spit Poison.
  1217 | D:1      | 1217 ||| UPGRADING to ring mail.
  1227 | D:1      | 1227 ||| DROPPING +0 animal skin.
  1228 | D:1      | 1228 ||| READING scroll labeled WIXTUQ XAHUOTS.
  1229 | D:1      | 1229 ||| DRINKING 2 yellow potions.
  1230 | D:1      | 1230 ||| DROPPING potion of flight.
  1262 | D:2      | Reached ** piety under Trog
  1335 | D:2      | 1335 ||| INVOKING Spit Poison.
  1374 | D:2      | 1374 ||| INVOKING Spit Poison.
  1377 | D:2      | 1377 ||| INVOKING Berserk.
  1468 | D:2      | 1468 ||| INVOKING Spit Poison.
  1499 | D:2      | Found an opulent altar of Gozag.
  1532 | D:2      | 1532 ||| INVOKING Spit Poison.
  1540 | D:2      | 1540 ||| INVOKING Spit Poison.
  1592 | D:2      | Found a glowing golden altar of the Shining One.
  1660 | D:2      | Found an opulent altar of Gozag.
  1662 | D:2      | 1662 ||| INVOKING Spit Poison.
  2001 | D:2      | 2001 ||| INVOKING Spit Poison.
  2001 | D:2      | Reached XP level 4. HP: 42/42 MP: 4/4
  2142 | D:2      | 2142 ||| READING scroll labeled JIJUAR VEEPOGG.
  2143 | D:2      | 2143 ||| READING 3 scrolls labeled OGEKHYU VAIF.
  2147 | D:2      | 2147 ||| READING scroll labeled QIGOFA FIEKHE.
  2148 | D:2      | 2148 ||| DRINKING 2 sedimented emerald potions.
  2183 | D:2      | 2183 ||| READING 2 scrolls of identify.
  2183 | D:2      | 2183 ||| IDENTIFYING encrusted coral ring
  2184 | D:2      | 2184 ||| UPGRADING to ring of positive energy.
  2185 | D:2      | 2185 ||| DROPPING potion of lignification.
  2268 | D:3      | 2268 ||| READING 2 scrolls of teleportation.
  2273 | D:3      | 2273 ||| READING scroll of teleportation.
  2275 | D:3      | Reached skill level 5 in Axes
  2347 | D:3      | 2347 ||| EATING slice of pizza.
  2372 | D:3      | 2372 ||| INVOKING Spit Poison.
  2459 | D:3      | 2459 ||| INVOKING Spit Poison.
  2460 | D:3      | 2460 ||| INVOKING Spit Poison.
  2484 | D:3      | 2484 ||| INVOKING Spit Poison.
  2485 | D:3      | 2485 ||| INVOKING Spit Poison.
  2652 | D:3      | 2652 ||| INVOKING Burn Spellbooks.
  2772 | D:3      | 2772 ||| EATING 5 bread rations.
  2918 | D:3      | 2918 ||| INVOKING Spit Poison.
  2935 | D:3      | 2935 ||| INVOKING Spit Poison.
  2936 | D:3      | 2936 ||| INVOKING Spit Poison.
  3009 | D:3      | 3009 ||| INVOKING Spit Poison.
  3077 | D:3      | 3077 ||| INVOKING Spit Poison.
  3105 | D:3      | 3105 ||| READING 2 scrolls of identify.
  3105 | D:3      | 3105 ||| IDENTIFYING coppery potion
  3134 | D:3      | 3134 ||| INVOKING Spit Poison.
  3135 | D:3      | 3135 ||| INVOKING Spit Poison.
  3138 | D:3      | 3138 ||| INVOKING Berserk.
  3140 | D:3      | Reached XP level 5. HP: 49/49 MP: 5/5
  3158 | D:3      | 3158 ||| INVOKING Spit Poison.
  3173 | D:3      | 3173 ||| INVOKING Spit Poison.
  3435 | D:4      | 3435 ||| INVOKING Spit Poison.
  3438 | D:4      | Noticed Robin
  3439 | D:4      | Reached *** piety under Trog
  3443 | D:4      | 3443 ||| INVOKING Berserk.
  3446 | D:4      | HP: 18/73 [goblin/club[Robin] (3)]
  3447 | D:4      | Reached skill level 6 in Axes
  3448 | D:4      | Killed Robin
  3639 | D:4      | 3639 ||| EATING 4 bread rations.
  3645 | D:4      | Got a jewelled helmet
  3681 | D:4      | Noticed Edmund
  3682 | D:4      | 3682 ||| INVOKING Spit Poison.
  3685 | D:4      | 3685 ||| INVOKING Berserk.
  3691 | D:4      | Killed Edmund
  3691 | D:4      | Reached XP level 6. HP: 57/57 MP: 6/6
  3745 | D:4      | 3745 ||| INVOKING Spit Poison.
  3746 | D:4      | 3746 ||| INVOKING Spit Poison.
  3792 | D:4      | 3792 ||| INVOKING Spit Poison.
  3793 | D:4      | 3793 ||| INVOKING Spit Poison.
  4004 | D:4      | Noticed a slave
  4004 | D:4      | Noticed a slave
  4005 | D:4      | Noticed Pikel
  4005 | D:4      | Noticed a slave
  4005 | D:4      | 4005 ||| INVOKING Spit Poison.
  4006 | D:4      | Noticed a slave
  4011 | D:4      | 4011 ||| INVOKING Berserk.
  4015 | D:4      | Killed a slave
  4023 | D:4      | Killed Pikel
  4023 | D:4      | Reached skill level 8 in Axes
  4023 | D:4      | Reached XP level 7. HP: 52/63 MP: 7/7
  4136 | D:4      | Found a deep blue altar of Sif Muna.
  4140 | D:4      | Found a bloodstained altar of Trog.
  4141 | D:4      | Found an oddly glowing altar of Pakellas.
  4462 | D:4      | 4462 ||| UPGRADING to jewelled helmet.
  4467 | D:4      | Identified the cursed +0 helmet of Insatiable Hunger {rPois rN+ MP+9 Stlth-} (You took it off Robin on level 4 of the Dungeon)
  4467 | D:4      | 4467 ||| READING scroll labeled SULIES SAISOMM.
  4468 | D:4      | 4468 ||| READING scroll of identify.
  4468 | D:4      | 4468 ||| IDENTIFYING glowing jasper amulet
  4469 | D:4      | 4469 ||| UPGRADING to amulet of faith.
  4515 | D:5      | Entered Level 5 of the Dungeon
  4672 | D:5      | Noticed Blork the orc
  4681 | D:5      | 4681 ||| READING 2 scrolls of teleportation.
  4824 | D:5      | 4824 ||| EATING 4 bread rations.
  4929 | D:5      | Reached skill level 9 in Axes
  4929 | D:5      | Reached XP level 8. HP: 66/72 MP: 8/8
  4942 | D:5      | 4942 ||| INVOKING Berserk.
  4943 | D:5      | Killed Blork the orc
  5218 | D:5      | 5218 ||| INVOKING Spit Poison.
  5220 | D:5      | 5220 ||| INVOKING Berserk.
  5335 | D:5      | 5335 ||| INVOKING Spit Poison.
  5339 | D:5      | 5339 ||| INVOKING Spit Poison.
  5340 | D:5      | 5340 ||| INVOKING Spit Poison.
  5357 | D:5      | 5357 ||| INVOKING Spit Poison.
  5371 | D:5      | 5371 ||| UPGRADING to war axe.
  5372 | D:5      | 5372 ||| DROPPING +1 hand axe.
  5390 | D:5      | 5390 ||| INVOKING Spit Poison.
  5443 | D:5      | 5443 ||| INVOKING Spit Poison.
  5553 | D:5      | 5553 ||| INVOKING Spit Poison.
  5554 | D:5      | Reached **** piety under Trog
  5566 | D:5      | 5566 ||| INVOKING Spit Poison.
  5571 | D:5      | 5571 ||| INVOKING Spit Poison.
  5572 | D:5      | 5572 ||| INVOKING Spit Poison.
  5583 | D:5      | 5583 ||| INVOKING Spit Poison.
  5598 | D:5      | 5598 ||| INVOKING Spit Poison.
  5599 | D:5      | 5599 ||| INVOKING Spit Poison.
  5620 | D:5      | Reached skill level 10 in Axes
  5634 | D:5      | 5634 ||| INVOKING Spit Poison.
  5635 | D:5      | 5635 ||| INVOKING Spit Poison.
  5675 | D:5      | 5675 ||| INVOKING Spit Poison.
  5962 | D:5      | 5962 ||| INVOKING Berserk.
  5968 | D:5      | 5968 ||| EATING meat ration.
  6111 | D:5      | 6111 ||| INVOKING Spit Poison.
  6112 | D:5      | 6112 ||| INVOKING Spit Poison.
  6129 | D:5      | 6129 ||| INVOKING Spit Poison.
  6130 | D:5      | 6130 ||| INVOKING Spit Poison.
  6233 | D:5      | 6233 ||| INVOKING Berserk.
  6313 | D:5      | 6313 ||| INVOKING Spit Poison.
  6314 | D:5      | 6314 ||| INVOKING Spit Poison.
  6329 | D:5      | Reached XP level 9. HP: 81/81 MP: 9/9
  6365 | D:5      | 6365 ||| INVOKING Spit Poison.
  6366 | D:5      | 6366 ||| INVOKING Spit Poison.
  6619 | D:5      | 6619 ||| DROPPING wand of random effects.
  6678 | D:6      | 6678 ||| INVOKING Berserk.
  6720 | D:6      | 6720 ||| READING scroll of enchant weapon.
  6720 | D:6      | 6720 ||| ENCHANTING +0 war axe.
  6736 | D:6      | Found Botwaeva's Antique Armour Emporium.
  6740 | D:6      | 6740 ||| INVOKING Spit Poison.
  6746 | D:6      | Bought a cloak for 144 gold pieces
  6746 | D:6      | Bought a pair of glowing gloves for 144 gold pieces
  6760 | D:6      | Found a basalt altar of Yredelemnul.
  6804 | D:6      | 6804 ||| INVOKING Spit Poison.
  6809 | D:6      | Reached skill level 11 in Axes
  6814 | D:6      | 6814 ||| INVOKING Spit Poison.
  6830 | D:6      | 6830 ||| INVOKING Spit Poison.
  6831 | D:6      | 6831 ||| INVOKING Spit Poison.
  6867 | D:6      | Found Mioker's Sacrilege Store.
  6869 | D:6      | Found a basalt altar of Yredelemnul.
  6945 | D:6      | Noticed Hasye's ghost (novice HuBe)
  6946 | D:6      | 6946 ||| INVOKING Berserk.
  6952 | D:6      | Killed Hasye's ghost
  6983 | D:6      | 6983 ||| EATING 4 bread rations.
  6994 | D:6      | 6994 ||| INVOKING Spit Poison.
  7001 | D:6      | 7001 ||| INVOKING Spit Poison.
  7004 | D:6      | 7004 ||| INVOKING Spit Poison.
  7009 | D:6      | 7009 ||| INVOKING Berserk.
  7060 | D:6      | 7060 ||| INVOKING Spit Poison.
  7095 | D:6      | 7095 ||| INVOKING Spit Poison.
  7120 | D:6      | 7120 ||| INVOKING Spit Poison.
  7121 | D:6      | 7121 ||| INVOKING Spit Poison.
  7125 | D:6      | 7125 ||| INVOKING Berserk.
  7129 | D:6      | Reached skill level 6 in Fighting
  7261 | D:6      | 7261 ||| INVOKING Spit Poison.
  7266 | D:6      | 7266 ||| INVOKING Spit Poison.
  7271 | D:6      | Reached ***** piety under Trog
  7284 | D:6      | Reached skill level 12 in Axes
  7408 | D:6      | 7408 ||| INVOKING Spit Poison.
  7491 | D:6      | 7491 ||| INVOKING Spit Poison.
  7638 | D:6      | 7638 ||| INVOKING Spit Poison.
  7718 | D:6      | 7718 ||| UPGRADING to cloak.
  7723 | D:6      | 7723 ||| UPGRADING to pair of glowing gloves.
  7728 | D:6      | 7728 ||| DRINKING 2 metallic white potions.
  7729 | D:6      | 7729 ||| DROPPING wand of flame.
  7740 | D:7      | 7740 ||| INVOKING Spit Poison.
  7745 | D:7      | 7745 ||| STAIRDANCE
  7759 | D:7      | 7759 ||| INVOKING Spit Poison.
  7847 | D:7      | 7847 ||| INVOKING Berserk.
  7853 | D:7      | 7853 ||| EATING slice of pizza.
  7948 | D:7      | 7948 ||| INVOKING Spit Poison.
  7962 | D:7      | Found a staircase to the Ecumenical Temple.
  7964 | D:7      | 7964 ||| INVOKING Berserk.
  7970 | D:7      | Reached XP level 10. HP: 91/91 MP: 10/10
  8003 | D:7      | 8003 ||| EATING meat ration.
  8085 | D:7      | 8085 ||| INVOKING Spit Poison.
  8086 | D:7      | 8086 ||| INVOKING Spit Poison.
  8204 | D:7      | 8204 ||| INVOKING Spit Poison.
  8205 | D:7      | 8205 ||| INVOKING Spit Poison.
  8220 | D:7      | 8220 ||| INVOKING Berserk.
  8253 | D:7      | 8253 ||| INVOKING Spit Poison.
  8255 | D:7      | 8255 ||| INVOKING Berserk.
  8261 | D:7      | 8261 ||| INVOKING Spit Poison.
  8263 | D:7      | 8263 ||| READING 2 scrolls of teleportation.
  8450 | D:7      | 8450 ||| INVOKING Berserk.
  8454 | D:7      | Reached skill level 13 in Axes
  8510 | D:7      | 8510 ||| EATING slice of pizza.
  8587 | D:7      | 8587 ||| EATING 3 bread rations.
  8593 | D:7      | 8593 ||| INVOKING Spit Poison.
  8703 | D:7      | 8703 ||| INVOKING Spit Poison.
  8785 | D:7      | 8785 ||| READING scroll labeled LOALIC ZEEGYIM.
  8786 | D:7      | 8786 ||| READING scroll labeled XOENOMYRETE.
  8787 | D:7      | 8787 ||| DRINKING 2 cyan potions.
  8834 | D:8      | 8834 ||| INVOKING Spit Poison.
  8836 | D:8      | 8836 ||| STAIRDANCE
  8853 | D:8      | 8853 ||| INVOKING Spit Poison.
  8871 | D:8      | 8871 ||| INVOKING Spit Poison.
  8951 | D:8      | 8951 ||| INVOKING Spit Poison.
  8952 | D:8      | 8952 ||| INVOKING Spit Poison.
  8959 | D:8      | 8959 ||| INVOKING Spit Poison.
  8961 | D:8      | 8961 ||| INVOKING Berserk.
  9067 | D:8      | 9067 ||| INVOKING Spit Poison.
  9077 | D:8      | 9077 ||| INVOKING Spit Poison.
  9088 | D:8      | Found a staircase to the Lair.
  9092 | D:8      | 9092 ||| INVOKING Berserk.
  9251 | D:8      | Found a snail-covered altar of Cheibriados.
  9358 | D:8      | Found a blossoming altar of Fedhas.
  9358 | D:8      | Found an ancient bone altar of Kikubaaqudgha.
  9358 | D:8      | Found a shimmering altar of Xom.
  9380 | D:8      | 9380 ||| INVOKING Spit Poison.
  9434 | D:8      | Found a radiant altar of Vehumet.
  9438 | D:8      | Found an iron altar of Okawaru.
  9438 | D:8      | Found a sacrificial altar of Ru.
  9438 | D:8      | Found a shattered altar of Ashenzari.
  9568 | D:8      | 9568 ||| INVOKING Spit Poison.
  9571 | D:8      | 9571 ||| INVOKING Spit Poison.
  9585 | D:8      | 9585 ||| DRINKING 2 viscous golden potions.
  9586 | D:8      | 9586 ||| READING 3 scrolls of identify.
  9586 | D:8      | 9586 ||| IDENTIFYING wand of hasting
  9587 | D:8      | 9587 ||| READING 2 scrolls of identify.
  9587 | D:8      | 9587 ||| IDENTIFYING garnet ring
  9588 | D:8      | 9588 ||| UPGRADING to ring of protection from cold.
  9638 | Lair:1   | Entered Level 1 of the Lair of Beasts
  9638 | Lair:1   | Noticed a seven-headed hydra
  9638 | Lair:1   | Noticed a spiny frog
  9639 | Lair:1   | 9639 ||| Entered L.
  9639 | Lair:1   | 9639 ||| INVOKING Brothers in Arms.
  9640 | Lair:1   | 9640 ||| INVOKING Berserk.
  9643 | Lair:1   | Killed a spiny frog
  9643 | Lair:1   | Reached skill level 14 in Axes
  9649 | Lair:1   | Killed an 11-headed hydra
  9651 | Lair:1   | HP: 23/94 [giant frog (5)]
  9652 | Lair:1   | 9652 ||| DRINKING potion of heal wounds.
  9812 | Lair:1   | 9812 ||| INVOKING Spit Poison.
  9824 | Lair:1   | 9824 ||| INVOKING Spit Poison.
  9837 | Lair:1   | Received a gift from Trog
  9837 | Lair:1   | Reached XP level 11. HP: 82/100 MP: 11/11
  9878 | Lair:1   | Noticed a five-headed hydra
  9878 | Lair:1   | 9878 ||| INVOKING Brothers in Arms.
  9881 | Lair:1   | 9881 ||| INVOKING Berserk.
  9887 | Lair:1   | HP: 35/150 [13-headed hydra (14)]
  9889 | Lair:1   | HP: 13/150 [15-headed hydra (7)]
  9889 | Lair:1   | HP: 4/150 [15-headed hydra (3)]
  9889 | Lair:1   | Mangled by a 15-headed hydra

Vault maps used:
D:1:      mainiacjoe_arrival_reflecting_pool, serial_forest,
          infiniplex_forest_clump_small, infiniplex_forest_zigzag_1,
          infiniplex_forest_clump_medium, infiniplex_forest_straight_2,
          infiniplex_forest_end_2, infiniplex_forest_clump_medium,
          infiniplex_forest_clump_long, kennysheep_decorative_pillar
D:2:      tso_oasis_becter, lemuel_coloured_pillars_altar,
          grunt_gozag_breadcrumbs
D:3:      first_bread
D:4:      minitemple, uniq_edmund, uniq_pikel, uniq_robin
D:5:      old_forge, uniq_blork_the_orc
D:6:      kennysheep_mini, serial_shops, nicolae_shop_crystal, nicolae_evil_shop
D:7:      statuecave_lemuel, temple_hall
D:8:      cheibriados_altar_1, grunt_temple_overflow_open, david_lair_shrubbed,
          grunt_ogre_cave

Action                   |  1- 3 |  4- 6 |  7- 9 | 10-12 || total
-------------------------+-------+-------+-------+-------++-------
Melee: Hand axe          |    64 |   119 |    87 |       ||   270
       War axe           |       |       |   220 |   201 ||   421
Throw: Tomahawk          |       |       |    48 |    30 ||    78
Invok: Berserk           |     2 |     4 |    10 |     7 ||    23
       Burn Spellbooks   |       |     1 |       |       ||     1
       Brothers in Arms  |       |       |       |     2 ||     2
 Abil: Spit Poison       |    23 |    15 |    33 |    18 ||    89
  Use: Scroll            |     1 |     7 |     4 |     5 ||    17
       Potion            |     1 |     1 |     1 |     3 ||     6
  Eat: Chunk             |     4 |       |     6 |     5 ||    15
       Pizza             |     1 |     1 |     1 |     1 ||     4
       Bread ration      |       |     2 |     2 |     1 ||     5
       Meat ration       |       |       |     1 |     1 ||     2
Armor: Animal skin       |     7 |       |       |       ||     7
       Ring mail         |     5 |    37 |    80 |    79 ||   201
Dodge: Dodged            |    25 |    35 |   118 |    74 ||   252
